Map: Deathaura LE

Players

Zest - Winner!

  • Race: Protoss Protoss
  • Spawn Location: 5:00

Trap

  • Race: Protoss Protoss
  • Spawn Location: 11:00

Event: IEM Katowice 2021

VOD

Have the link to the VOD?

Description

Time

  • Played on: Feb. 24, 2021, 10:41 a.m.
  • Length: 7:35

All games in this series

Show
View Real Time Build Order
Export as new Build Order

Zest Protoss - Winner!

Build Orders:  

Get SALT Encoding   

  12  0:00  Probe  
  13  0:12  Probe  
  14  0:17  Pylon  
  14  0:24  Probe (Chrono Boost)  
  15  0:36  Probe (Chrono Boost)  
  15  0:37  Gateway  
  16  0:44  Probe (Chrono Boost)  
  16  0:47  Assimilator  
  17  0:51  Probe  
  18  1:03  Probe (Chrono Boost)  
  19  1:05  Assimilator  
  19  1:11  Gateway  
  19  1:13  Probe (Chrono Boost)  
  19  1:18  Probe (Chrono Boost)  
  20  1:25  Cybernetics Core  
  21  1:29  Probe  
  22  1:35  Pylon  
  22  1:41  Probe  
  23  1:53  Probe  
  24  2:01  Stalker x2, Warp Gate (Chrono Boost)  
  28  2:11  Pylon  
  28  2:31  Stalker x2  
  32  2:45  Gateway  
  32  2:51  Pylon  
  32  3:01  Stalker x2  
  36  3:08  Shield Battery  
  36  3:43  Stalker x3  
  42  3:53  Pylon  
  36  4:16  Stalker x3  
  42  4:19  Robotics Facility  
  42  4:38  Nexus  
  42  4:39  Sentry  
  42  4:40  Sentry  
  46  4:50  Stalker  
  48  5:00  Phoenix  
  47  5:09  Warp Prism (Chrono Boost)  
  48  5:15  Pylon  
  48  5:16  Probe  
  49  5:33  Sentry  
  49  5:35  Immortal (Chrono Boost)  
  55  5:52  Adept  
  55  5:53  Adept  
  59  6:04  Adept  
  51  6:32  Immortal (Chrono Boost)  
  51  6:46  Zealot x3  
  51  7:07  Adept x3  
Show
View Real Time Build Order
Export as new Build Order

Trap Protoss 

Build Orders:  

Get SALT Encoding   

  12  0:00  Probe  
  13  0:12  Probe  
  14  0:18  Pylon  
  14  0:24  Probe (Chrono Boost)  
  15  0:36  Gateway, Probe (Chrono Boost)  
  16  0:45  Probe (Chrono Boost)  
  16  0:47  Assimilator  
  17  0:51  Probe  
  17  0:55  Assimilator  
  18  1:03  Probe (Chrono Boost)  
  19  1:11  Gateway  
  19  1:13  Probe (Chrono Boost)  
  20  1:18  Probe (Chrono Boost)  
  21  1:26  Cybernetics Core  
  21  1:31  Probe  
  22  1:40  Pylon  
  22  1:43  Probe  
  23  1:57  Probe  
  24  2:03  Adept x2  
  24  2:05  Warp Gate  
  28  2:13  Pylon  
  28  2:23  Pylon  
  28  2:33  Stalker  
  30  2:38  Stalker  
  31  2:49  Robotics Facility  
  31  3:03  Stalker  
  33  3:08  Stalker  
  35  3:19  Gateway  
  35  3:34  Immortal (Chrono Boost)  
  39  3:43  Shield Battery  
  39  3:53  Sentry x2  
  41  4:03  Warp Prism (Chrono Boost)  
  35  4:21  Sentry  
  35  4:22  Stalker  
  39  4:26  Adept  
  41  4:33  Shield Battery  
  41  4:48  Stalker x2  
  45  5:14  Pylon  
  45  5:15  Stalker  
  45  5:17  Gateway  
  47  5:30  Immortal (Chrono Boost)  
  51  5:40  Sentry  
  51  6:03  Immortal (Chrono Boost)  
  53  6:13  Adept  
  41  6:31  Stalker x2  
  45  6:39  Immortal (Chrono Boost)  
  37  6:56  Stalker x2  
  45  7:23  Sentry  
  45  7:25  Zealot  

Tags
 
Add a new tag
Caveats
  • Supply blocks, unpowered buildings, or Contaminate may cause inaccurate times.
  • Supply counts are checked every 10 seconds.